AoeStats
← Rablebok

Fortress

507532697Analyzed
4v4 RM · 15d ago on Sep 18, 2026· 73m 34s· 8 players
Game mode
Random Map
Map size
Huge
Population
200
Speed
Normal
Resources
Standard
Victory
Conquest
Starting age
Dark Age
Ending age
Imperial Age
RankedLock teamsTeams togetherTeam positionsShared explorationLock speedFull tech treeHidden civsTurbo modeCheats
Victory
Defeat
🇳🇴 Bohemians · Norway
1301
+14
🇳🇴 Spanish · Norway
1270
+15
🇳🇴 Vietnamese · Norway
1096
+22
🇳🇴 Maya · Norway
1034
+24
🇪🇸 Portuguese · Spain
1244
-19
🇨🇳 Huns · China
1244
-19
🇪🇸 Malians · Spain
1232
-19
🇪🇸 Ethiopians · Spain
1216
-18
DOM
2:14 Loom
8:56 Feudal Age
9:38 Town Watch
9:40 Horse Collar
9:47 Double-Bit Axe
14:55 Castle Age
13:24 Gold Mining
14:04 Fletching
15:12 Padded Archer Armor
15:08 Stone Mining
16:09 Bow Saw
16:00 Stone Mining
16:13 Bodkin Arrow
18:07 Gold Shaft Mining
18:55 Crossbowman
21:32 Wheelbarrow
22:07 Leather Archer Armor
26:01 Heavy Plow
26:45 Hand Cart
27:05 Ballistics
28:45 Thumb Ring
28:51 Scale Mail Armor
29:14 Squires
31:56 Imperial Age
32:29 Forging
32:34 Chain Mail Armor
31:58 Halberdier
35:47 Iron Casting
37:10 Plate Mail Armor
39:01 Two-Man Saw
40:43 Blast Furnace
39:44 Bracer
40:15 Ring Archer Armor
41:00 Chemistry
40:39 Masonry
40:49 Arson
41:21 Arbalester
42:51 Caravan
51:48 Royal Heirs
52:10 Conscription
52:36 Elite Shotel Warrior
60:35 Elite Skirmisher
70:34 Light Cavalry
71:17 Husbandry
hcenemod
7:29 Feudal Age
8:23 Double-Bit Axe
8:19 Horse Collar
8:31 Gold Mining
14:11 Castle Age
17:42 Imperial Age
17:48 Stone Mining
18:01 Loom
19:45 Stone Shaft Mining
25:05 Conscription
25:08 Bow Saw
27:30 Elite Organ Gun
31:17 Arquebus
39:14 Chemistry
44:57 Ballistics
44:14 Pikeman
46:04 Halberdier
48:29 Halberdier
49:48 Scale Mail Armor
49:58 Forging
50:55 Two-Man Saw
52:31 Chain Mail Armor
52:52 Iron Casting
61:43 Onager
62:29 Arson
javipuerto
4:21 Loom
7:18 Feudal Age
7:57 Double-Bit Axe
7:54 Horse Collar
11:59 Gold Mining
15:20 Castle Age
13:33 Scale Mail Armor
13:35 Arson
14:17 Forging
17:06 Wheelbarrow
19:19 Town Watch
19:53 Hand Cart
20:07 Heavy Plow
20:40 Pikeman
21:55 Squires
29:47 Imperial Age
28:38 Chain Mail Armor
29:00 Iron Casting
29:10 Treadmill Crane
29:42 Masonry
29:45 Fortified Wall
30:52 Ballistics
31:03 Architecture
30:38 Fletching
31:19 Plate Mail Armor
30:15 Elite Gbeto
31:59 Conscription
31:39 Bodkin Arrow
31:47 Town Patrol
32:22 Conscription
33:51 Chemistry
32:47 Murder Holes
34:09 Hoardings
41:23 Bow Saw
41:22 Caravan
50:18 Scale Barding Armor
51:29 Chain Barding Armor
51:12 Farimba
51:37 Bloodlines
51:27 Husbandry
51:13 Light Cavalry
52:41 Plate Barding Armor
66:34 Capped Ram
daitoudaguo
10:14 Feudal Age
9:12 Loom
11:23 Double-Bit Axe
11:51 Horse Collar
14:24 Castle Age
13:16 Wheelbarrow
12:30 Town Watch
15:36 Bow Saw
17:34 Hand Cart
19:59 Gold Mining
20:00 Stone Mining
23:44 Bloodlines
23:35 Husbandry
24:35 Scale Barding Armor
24:41 Forging
28:09 Imperial Age
25:24 Light Cavalry
26:27 Chain Barding Armor
26:45 Caravan
28:15 Iron Casting
30:02 Two-Man Saw
28:27 Cavalier
29:32 Conscription
29:38 Heavy Plow
30:44 Plate Barding Armor
30:02 Fletching
31:58 Paladin
33:42 Blast Furnace
34:18 Bodkin Arrow
40:04 Hussar
42:32 Masonry
43:24 Chemistry
45:13 Bracer
46:23 Padded Archer Armor
47:29 Chemistry
46:49 Ballistics
47:17 Thumb Ring
47:38 Parthian Tactics
47:36 Heavy Cavalry Archer
48:36 Leather Archer Armor
57:59 Murder Holes
martinhval
7:50 Feudal Age
9:00 Horse Collar
11:55 Castle Age
9:45 Double-Bit Axe
12:45 Heavy Plow
12:56 Bow Saw
16:52 Wheelbarrow
16:27 Loom
23:21 Imperial Age
21:21 Pikeman
22:01 Squires
23:06 Hand Cart
23:53 Chemistry
23:15 Scale Mail Armor
24:22 Chain Mail Armor
24:17 Forging
24:28 Fortified Wall
23:47 Halberdier
26:24 Plate Mail Armor
27:09 Two-Man Saw
27:18 Iron Casting
27:29 Conscription
27:14 Treadmill Crane
27:45 Masonry
27:47 Town Watch
27:58 Houfnice
31:25 Caravan
33:53 Blast Furnace
33:41 Siege Engineers
34:06 Architecture
33:45 Wagenburg Tactics
34:00 Guilds
36:11 Fletching
36:42 Ballistics
36:50 Bodkin Arrow
37:33 Bracer
37:31 Murder Holes
38:03 Arson
39:39 Padded Archer Armor
41:36 Leather Archer Armor
42:47 Ring Archer Armor
48:39 Coinage
57:46 Elite Hussite Wagon
59:45 Banking
66:09 Capped Ram
Ulven aldri mett
0:33 Loom
7:17 Feudal Age
12:59 Castle Age
12:31 Fletching
14:16 Crossbowman
15:04 Padded Archer Armor
21:13 Double-Bit Axe
21:46 Horse Collar
26:04 Heavy Plow
26:17 Bow Saw
26:28 Leather Archer Armor
26:38 Ballistics
27:12 Town Watch
30:17 Gold Mining
33:11 Imperial Age
32:08 Thumb Ring
32:47 Bodkin Arrow
33:57 Wheelbarrow
33:23 Town Patrol
35:18 Pikeman
36:00 Arbalester
36:50 Elite Skirmisher
38:40 Holcans
41:02 Imperial Skirmisher
42:22 Scale Mail Armor
43:21 Hand Cart
43:17 Bracer
46:11 Crop Rotation
46:48 Two-Man Saw
48:34 Elite Plumed Archer
49:17 Halberdier
50:56 Hul'che Javelineers
51:54 Ring Archer Armor
52:52 Forging
52:57 Chain Mail Armor
62:17 Eagle Warrior
63:33 Plate Mail Armor
63:39 Iron Casting
69:22 Elite Eagle Warrior
69:50 Arson
73:37 Blast Furnace
73:57 Chemistry
Lance
4:38 Loom
4:52 Loom
7:32 Feudal Age
12:47 Double-Bit Axe
12:51 Horse Collar
15:16 Castle Age
13:37 Gold Mining
14:01 Fletching
14:11 Padded Archer Armor
15:20 Crossbowman
16:15 Bow Saw
17:25 Bodkin Arrow
20:30 Heavy Plow
26:31 Imperial Age
25:11 Wheelbarrow
25:17 Leather Archer Armor
25:36 Stone Mining
26:48 Ballistics
26:30 Town Watch
27:01 Hand Cart
26:46 Arbalester
29:14 Town Patrol
31:04 Chemistry
30:50 Stone Shaft Mining
32:07 Two-Man Saw
31:33 Bracer
32:08 Ring Archer Armor
31:46 Pikeman
32:26 Squires
32:53 Forging
32:43 Scale Mail Armor
32:33 Elite Skirmisher
35:14 Halberdier
37:13 Chain Mail Armor
38:20 Iron Casting
39:24 Plate Mail Armor
42:42 Caravan
43:36 Murder Holes
44:18 Crop Rotation
43:14 Imperial Skirmisher
59:55 Thumb Ring
68:58 Treadmill Crane
70:36 Fortified Wall
71:12 Paper Money
71:36 Hoardings
71:55 Coinage
71:35 Guilds
72:39 Scale Barding Armor
73:13 Banking
Rablebok
7:49 Feudal Age
11:23 Castle Age
9:47 Double-Bit Axe
9:50 Horse Collar
13:25 Bow Saw
16:15 Loom
17:03 Heavy Plow
18:06 Wheelbarrow
20:30 Hand Cart
20:41 Hand Cart
20:20 Gold Mining
24:11 Imperial Age
21:56 Scale Barding Armor
22:09 Forging
23:03 Bloodlines
22:54 Husbandry
23:23 Chain Barding Armor
23:07 Town Watch
24:36 Iron Casting
24:27 Cavalier
25:43 Plate Barding Armor
26:43 Two-Man Saw
26:53 Blast Furnace
26:41 Paladin
27:47 Conscription
28:32 Town Patrol
30:27 Guilds
30:54 Scale Mail Armor
30:55 Padded Archer Armor
30:45 Fletching
31:11 Capped Ram
33:08 Chain Mail Armor
33:55 Masonry
34:34 Siege Ram
35:44 Pikeman
36:26 Squires
36:12 Gambesons
38:05 Caravan
40:18 Bodkin Arrow
40:45 Ballistics
41:26 Chemistry
42:34 Plate Mail Armor
42:05 Bracer
43:04 Coinage
43:43 Leather Archer Armor
43:04 Light Cavalry
44:17 Hussar
46:24 Stone Mining
47:51 Banking
72:13 Architecture
Connection lost

Rejoining the realm…

Still unreachable

The connection could not be restored.

Session expired

The server has moved on; the page needs a fresh start.